 Dungeon Crawl Stone Soup version 0.30-a0-743-gbfdf073431 (webtiles) character file.

Game seed: 409023296976839266

118 jimonade the Magician (level 4, -1/21 (24) HPs)
             Began as a Deep Elf Air Elementalist on Feb 6, 2023.
             Slain by an orc
             ... wielding a +0 mace
              (2 damage)
             ... on level 3 of the Dungeon.
             The game lasted 00:04:58 (2801 turns).

jimonade the Magician (Deep Elf Air Elementalist)   Turns: 2801, Time: 00:04:58

HP:   -1/21 (24)    AC:  4    Str:  5    XL:     4   Next: 72%
MP:   10/13         EV: 13    Int: 22    God:
Gold: 128           SH:  0    Dex: 27    Spells: 7/13 levels left

rFire   . . .      SeeInvis .    a - +1 dagger (venom)
rCold   . . .      Faith    .    (no shield)
rNeg    . . .      Spirit   .    r - +0 leather armour
rPois   .          Reflect  .    (no helmet)
rElec   .          Harm     .    p - +0 cloak
rCorr   .          Rampage  .    (no gloves)
Will    .....                    (no boots)
Stlth   +++                      (no amulet)
HPRegen 0.23/turn                h - +6 ring of dexterity
MPRegen 0.13/turn                s - +6 ring of dexterity

@: heavily drained
A: no striking features
a: no special abilities


You were on level 3 of the Dungeon.
You visited 1 branch of the dungeon, and saw 4 of its levels.

You collected 128 gold pieces.

Inventory:

Hand Weapons
 a - a +1 dagger of venom (weapon)
Missiles
 f - 14 poisoned darts
Armour
 p - a +0 cloak (worn)
 q - a +0 robe
 r - a +0 leather armour (worn)
Jewellery
 h - a +6 ring of dexterity (left hand)
 s - a +6 ring of dexterity (right hand)
Scrolls
 c - 3 scrolls of teleportation {unknown}
 d - a scroll of fear {unknown}
 e - a scroll of blinking {unknown}
 g - a scroll of identify {unknown}
 i - a scroll of magic mapping {unknown}
 k - 2 scrolls of fog {unknown}
 t - 2 scrolls of silence {unknown}
 u - a scroll of torment {unknown}
 v - a scroll of poison {unknown}
Potions
 b - 2 potions of magic
 j - a potion of degeneration {unknown}
 l - a potion of curing {unknown}
 m - a potion of ambrosia {unknown}
 n - a potion of attraction {unknown}
 o - a potion of heal wounds {unknown}


   Skills:
 * Level 0.1 Short Blades
 + Level 0.1 Armour
 + Level 2.7 Dodging
 - Level 2.4 Stealth
 * Level 5.2 Spellcasting
 + Level 1.8 Conjurations
 + Level 4.0 Air Magic


You had 7 spell levels left.
You knew the following spells:

 Your Spells              Type           Power      Damage    Failure   Level
a - Shock                 Conj/Air       72%        1d7       4%          1
b - Static Discharge      Conj/Air       36%        2-4/arc   8%          2
c - Swiftness             Air            23%        N/A       10%         3

Your spell library contained the following spells:

 Spells                   Type           Power      Damage    Failure   Level
 Airstrike                Air            11%        2d(2-18)  32%         4


Dungeon Overview and Level Annotations

Branches:
Dungeon (4/15)
 Temple: D:4-7

Altars:

Shops:
D:1 *

Annotations:
D:2 1 runed translucent door, Crazy Yiuf


Message History

The orc hits you with a +0 mace.
Casting: Static Discharge (safe; 8% risk of failure)
Confirm with . or Enter, or press ? or * to list all spells.
The orc is struck by an arc of lightning.
The orc is heavily wounded.
You are struck by an arc of lightning.
The lightning grounds out.
The orc barely misses you.
The orc wizard gestures at you while chanting.
You are confused.
The orc closely misses you.
You're too confused to cast spells.
You barely miss the necrophage. Your punch misses the necrophage.
The orc closely misses you. The orc wizard barely misses you.
The necrophage hits you.
You feel drained. The orc hits you with a +0 club. The orc closely misses you.
The orc wizard hits you with a +0 dagger.
The orc hits you with a +0 club. The necrophage barely misses you.
You climb upwards.
There is a stone staircase leading down here.
You're too confused to cast spells.
You hit the orc but do no damage.
The orc is poisoned.
The orc is severely wounded.
The orc closely misses you. The necrophage hits you.
You feel drained. The orc hits you with a +0 mace.
* * * LOW HITPOINT WARNING * * *
The orc wizard points at you and mumbles some strange words.
The puff of flame misses you.
The puff of flame hits the necrophage.
You're too confused to cast spells.
The orc attacks as you move away! The orc hits you but does no damage.
You're too confused to cast spells.
You miss the orc.
The orc is almost dead.
You feel less confused. The orc closely misses you. The necrophage hits you.
* * * LOW HITPOINT WARNING * * *
You feel drained. The orc hits you but does no damage.
The orc wizard hits you with a +0 dagger.
* * * LOW HITPOINT WARNING * * *
The orc attacks as you move away! The orc hits you with a +0 mace.
You die...

...#####..# ...##.....#
...#..###.#
.......##.############
##..#.....#..........##
...##.##..............##
#####.###.......<......#
#.# #..............#
####.# #......n@....>.#
#....###......ooo.....#
#...###...............#
#...# #.#............##
#...# #.##..........##
#...# #.#####.##).###
##...###.# #.##..#
......##.### #.##..######
#.##.......###.##.......#


You could see a necrophage, an orc wizard and 2 orcs.

Vanquished Creatures
  5 adders
  A worm (D:2)
  4 dart slugs
  2 orcs
  5 ball pythons
  7 endoplasms
  A giant cockroach (D:2)
  3 goblins
  7 hobgoblins
  2 quokkas
  6 bats
  3 frilled lizards (D:1)
  7 kobolds
  6 rats
59 creatures vanquished.

Notes
Turn   | Place    | Note
-------+----------+-------------------------------------------
     0 | D:1      | jimonade the Deep Elf Air Elementalist began the quest for
                  | the Orb.
     0 | D:1      | Reached XP level 1. HP: 10/10 MP: 6/6
   115 | D:1      | Reached XP level 2. HP: 15/15 MP: 1/8
   491 | D:1      | Found Pirum's General Store.
   614 | D:1      | Found a faded altar of an unknown god.
   809 | D:1      | Reached XP level 3. HP: 19/19 MP: 3/10
  1052 | D:2      | Reached skill level 4 in Spellcasting
  1691 | D:2      | Found a runed translucent door.
  1692 | D:2      | Noticed Crazy Yiuf
  1757 | D:2      | Reached XP level 4. HP: 24/24 MP: 3/12
  1970 | D:2      | Learned a level 2 spell: Static Discharge
  1974 | D:2      | Learned a level 3 spell: Swiftness
  2392 | D:3      | Reached skill level 5 in Spellcasting
  2789 | D:4      | Noticed a necrophage
  2800 | D:3      | HP: 1/21 [orc wizard/+0 dagger (2)]
  2801 | D:3      | Slain by an orc

Illustrated notes

Levels and vault maps discovered:
D:1:      shiori_shiawase, layout_rooms, serial_shops, shop,
          hellmonk_ecumenical_altar_run_dry
D:2:      layout_loops_ring, nicolae_elevator_lobby_plus,
          uniq_crazy_yiuf_cottage
D:3:      layout_rooms
D:4:      layout_rooms, amethyst_overflow_temple_binary,
          gup_ossuary_entry_pyramid, uniq_natasha, uniq_robin, uniq_sigmund,
          uniq_duvessa

Skill      XL: |  1  2  3  4 |
---------------+-------------+-----
Spellcasting   | 4 5 |  5.2
Air Magic      | 4 |  4.0
Short Blades   | |  0.1
Armour         | |  0.1
Dodging        | |  2.7
Stealth        | |  2.4
Conjurations   | |  1.8

Action                     |  1- 3 |  4- 6 || total
---------------------------+-------+-------++-------
  Melee: Dagger            |       |    10 ||    10
   Cast: Shock             |    86 |    39 ||   125
         Static Discharge  |       |     2 ||     2
   Stab: Sleeping          |       |     1 ||     1
 Armour: Robe              |     2 |     2 ||     4
         Leather armour    |       |     4 ||     4
  Dodge: Dodged            |     8 |    18 ||    26

Table legend: (Time is in decaauts)
 A = Elapsed time spent in this place.
 B = Non-inter-level travel time spent in this place.
 C = Inter-level travel time spent in this place.
 D = Time resting spent in this place.
 E = Time spent auto-exploring this place.
 F = Levels seen in this place.
 G = Mean time per level.
                   A        B        C        D        E       F      G
               +--------+--------+--------+--------+--------+-----+--------+
         Total |   2799 |   2655 |    144 |      0 |   2265 |   4 |  699.8 |
       Dungeon |   2799 |   2655 |    144 |      0 |   2265 |   4 |  699.8 |
               +--------+--------+--------+--------+--------+-----+--------+

Top non-repeatable levels by time:
     D:2: 1045 daAuts
     D:1: 971 daAuts
     D:3: 774 daAuts
     D:4: 7 daAuts
